 Dungeon Crawl Stone Soup version 0.26.1-2-gb8aa6d0cf2 (webtiles) character file.

Game seed: 14633161943245898374

63 Martska the Grasshopper (level 4, -2/35 HPs)
             Began as a Human Warper on Mar 20, 2021.
             Slain by an adder (3 damage)
             ... on level 2 of the Dungeon.
             The game lasted 00:02:37 (1767 turns).

Martska the Grasshopper (Human Warper)              Turns: 1767, Time: 00:02:37

Health: -2/35      AC:  3    Str: 12    XL:     4   Next: 30%
Magic:  3/7        EV: 12    Int: 13    God:
Gold:   116        SH:  0    Dex: 13    Spells: 5/7 levels left

rFire    . . .     SeeInvis .   a - +0 falchion
rCold    . . .     Faith    .   (no shield)
rNeg     . . .     Spirit   .   b - +0 leather armour
rPois    .         Reflect  .   (no helmet)
rElec    .         Harm     .   (no cloak)
rCorr    .         Rampage  .   (no gloves)
Will     .....                  (no boots)
Stlth    +.........             (no amulet)
HPRegen  0.11/turn              (no ring)
MPRegen  0.10/turn              (no ring)

@: no status effects
A: no striking features
a: no special abilities


You were on level 2 of the Dungeon.
You visited 1 branch of the dungeon, and saw 3 of its levels.

You collected 116 gold pieces.

Inventory:

Hand Weapons
 a - a +0 falchion (weapon)
Missiles
 e - 5 boomerangs of dispersal (quivered)
Armour
 b - a +0 leather armour (worn)
Jewellery
 i - an uncursed ring of magical power {unknown}
Scrolls
 c - 2 scrolls of noise {unknown}
 d - 2 scrolls of blinking
 f - 3 scrolls of enchant armour {unknown}
 g - a scroll of identify {unknown}
 h - a scroll of immolation {unknown}
 j - 2 scrolls of amnesia {unknown}
Potions
 k - a potion of lignification {unknown}


   Skills:
 * Level 3.0 Fighting
 * Level 3.0 Long Blades
 - Level 1.6 Throwing
 - Level 1.0 Armour
 - Level 2.0 Dodging
 + Level 0.3 Stealth
 + Level 2.0 Spellcasting
 + Level 3.0 Translocations


You had 5 spell levels left.
You knew the following spells:

 Your Spells              Type           Power        Failure   Level
a - Blink                 Tloc           N/A          14%         2

Your spell library contained the following spells:

 Spells                   Type           Power        Failure   Level
 Gell's Gravitas          Tloc           4%           28%         3
 Lesser Beckoning         Tloc           4%           28%         3
 Teleport Other           Tloc           9%           28%         3
 Passage of Golubria      Tloc           N/A          67%         4


Dungeon Overview and Level Annotations

Branches:
Dungeon (3/15)

Altars:


Message History

You hit the adder but do no damage.
The adder is moderately wounded.
The adder barely misses you.
You barely miss the adder.
The adder is moderately wounded.
The adder bites you.
* * * LOW HITPOINT WARNING * * *
The adder closely misses you.
You hit the adder.
The adder is heavily wounded.
The adder bites you.
* * * LOW HITPOINT WARNING * * *
The adder closely misses you.
You hit the adder.
The adder is almost dead.
The adder closely misses you.
You barely miss the adder.
The adder is almost dead.
The adder barely misses you. The adder bites you.
You die...
P. #PP ... .PPPPP

# .P....
##.###.P.PPP
#......P...P
##...@#P.PPP
#....SP.P
##...#P.P
........#
#.#.###.##
#.#.###.# #
#..##.# #+#
#.##.##.#
#.#
#.##.##.#
#.#


You could see an adder.

Vanquished Creatures
  An adder (D:1)
  An ooze (D:1)
  3 dart slugs (D:1)
  2 leopard geckos
  3 bats (D:1)
  A bat zombie (D:1)
  2 giant cockroaches (D:1)
  6 goblins
  5 hobgoblins
  4 jackals (D:1)
  A ball python (D:1)
  A frilled lizard (D:1)
  A giant cockroach zombie (D:1)
  2 kobolds (D:1)
  5 rats (D:1)
38 creatures vanquished.

Notes
Turn   | Place    | Note
-------+----------+-------------------------------------------
     0 | D:1      | Martska the Human Warper began the quest for the Orb.
     0 | D:1      | Reached XP level 1. HP: 16/16 MP: 3/3
    83 | D:1      | Reached XP level 2. HP: 22/22 MP: 5/5
   434 | D:1      | Reached XP level 3. HP: 26/28 MP: 6/6
  1379 | D:1      | Reached XP level 4. HP: 34/34 MP: 7/7
  1401 | D:1      | Learned a level 2 spell: Blink
  1765 | D:2      | HP: 1/35 [adder (3)]
  1767 | D:2      | Slain by an adder

Illustrated notes

Levels and vault maps discovered:
D:1:      saegor_arrival_fortress, layout_basic, minivault_25, st_stairs_9
D:2:      minmay_door_path, layout_loops_corners, fiery_altar_vehumet,
          st_stairs_4, minmay_hedge_maze, okawaru_trees_1, uniq_natasha
D:3:      layout_basic, amcnicky_mini_pool_small, minmay_lizard_king

Skill      XL: |  1  2  3  4 |
---------------+-------------+-----
Fighting       | 3 |  3.0
Long Blades    | 3 |  3.0
Throwing       | |  1.6
Armour         | |  1.0
Dodging        | |  2.0
Stealth        | |  0.3
Spellcasting   | |  2.0
Translocations | |  3.0

Action                   |  1- 3 |  4- 6 || total
-------------------------+-------+-------++-------
Melee: Falchion          |    91 |    36 ||   127
 Cast: Blink             |       |     4 ||     4
Armor: Leather armour    |    27 |     7 ||    34
Dodge: Dodged            |    69 |    33 ||   102
       Rpst.: Falchion   |    21 |    10 ||    31
